AoeStats
← Conquerors

Arena

507505120Analyzed
1v1 RM · 14d ago on Sep 18, 2026· 37m 31s· 2 players
Game mode
Random Map
Map size
Tiny (2 player)
Population
200
Speed
Normal
Resources
Standard
Victory
Conquest
Starting age
Dark Age
Ending age
Imperial Age
RankedLock teamsTeams togetherTeam positionsShared explorationLock speedFull tech treeHidden civsTurbo modeCheats
Victory
Defeat
🇮🇳 Georgians · India
327
+17
🇬🇷 Slavs · Greece
356
-17
Conquerors
1:16 Loom
14:27 Feudal Age
19:17 Wheelbarrow
21:26 Castle Age
23:33 Pikeman
37:33 Double-Bit Axe
egw_eimai
11:12 Feudal Age
18:55 Horse Collar
24:00 Castle Age
23:06 Double-Bit Axe
26:18 Husbandry
26:30 Bloodlines
26:30 Horse Collar
27:08 Bow Saw
31:50 Pikeman
32:31 Squires
36:20 Imperial Age
36:28 Imperial Age
35:11 Forging
35:01 Scale Mail Armor
Connection lost

Rejoining the realm…

Still unreachable

The connection could not be restored.

Session expired

The server has moved on; the page needs a fresh start.